[Event "LTU-ch Men 2019"]
[Site "Vilnius"]
[Date "2019.03.16"]
[Round "2.2"]
[White "Maziukas, Kasparas"]
[Black "Malisauskas, Vidmantas"]
[Result "0-1"]
[ECO "B09"]
[WhiteElo "1931"]
[BlackElo "2451"]
[Annotator "RC"]
[PlyCount "86"]
[EventDate "2019.??.??"]
[EventCountry "LTU"]
[SourceTitle "playchess.com"]
[Source "ChessBase"]
[SourceQuality "1"]
[TimeControl "5400+30"]

1. e4 d6 2. d4 Nf6 3. Nc3 g6 4. f4 Bg7 5. Nf3 O-O 6. e5 Ne8 7. Bc4 c5 8. dxc5 Nc6 9. cxd6 exd6 10. Nb5 Bg4 11. Be3 Bxf3 12. Qxf3 Nxe5 13. fxe5 Qh4+ 14. Bf2 Qxc4 15. Qe2 Qd5 16. O-O Bxe5 17. c4 Qe6 18. Rfe1 a6 19. Nd4 Qf6 20. Rad1 Ng7 21. Nf3 Rfe8 22. Nxe5 Rxe5 23. Qd2 Rxe1+ 24. Bxe1 Re8 25. Qc3 Qxc3 26. Bxc3 Re6 27. Kf2 f6 28. a4 Kf7 29. Rd3 Nf5 30. g4 Ne7 31. Bb4 Re4 32. b3 Nc6 33. Bxd6 Rxg4 34. Bc5 Ne5 35. Rd8 g5 36. Be3 Rh4 37. Kg2 Re4 38. Bf2 Re2 39. Rb8 Nd3 40. Rxb7+ Kg6 41. Kf3 Rxf2+ 42. Ke3 Nc5 43. Rc7 Rf5 0-1

[Event "LTU-ch Men 2019"]
[Site "Vilnius"]
[Date "2019.03.16"]
[Round "3.1"]
[White "Stremavicius, Pijus"]
[Black "Laurusas, Tomas"]
[Result "1/2-1/2"]
[ECO "E61"]
[WhiteElo "2079"]
[BlackElo "2495"]
[Annotator "ChessBase"]
[PlyCount "89"]
[EventDate "2019.??.??"]
[EventCountry "LTU"]
[SourceTitle "playchess.com"]
[Source "ChessBase"]
[SourceQuality "1"]
[TimeControl "5400+30"]

1. d4 Nf6 2. c4 g6 3. Nc3 Bg7 4. Nf3 O-O 5. e3 b6 6. Be2 Bb7 7. O-O e6 8. b3 d5 9. Ba3 Re8 10. Rc1 a6 11. cxd5 exd5 12. Qc2 Nbd7 13. h3 Rc8 14. Rfd1 Nf8 15. b4 Ne6 16. Qb3 h6 17. Bb2 Qe7 18. b5 axb5 19. Bxb5 c6 20. Bf1 Ba8 21. a4 Bf8 22. Ra1 Qb4 23. Qxb4 Bxb4 24. Na2 Be7 25. Nc3 c5 26. a5 c4 27. axb6 Rb8 28. Ba3 Bxa3 29. Rxa3 Rxb6 30. Rda1 Bb7 31. Ne5 Rd8 32. g3 Ne8 33. Bg2 N8c7 34. Ra7 Rb3 35. R1a3 Rxa3 36. Rxa3 Kg7 37. Nxc4 dxc4 38. Bxb7 Rb8 39. Bf3 Rb2 40. Be2 Ng5 41. h4 Ne4 42. Nxe4 Rxe2 43. Rc3 Re1+ 44. Kg2 Nd5 45. Rxc4 1/2-1/2

[Event "LTU-ch Men 2019"]
[Site "Vilnius"]
[Date "2019.03.16"]
[Round "3.3"]
[White "Butvilas, Aistis"]
[Black "Chocenka, Dmitrijus"]
[Result "1/2-1/2"]
[ECO "D71"]
[WhiteElo "1983"]
[BlackElo "2287"]
[Annotator "ChessBase"]
[PlyCount "78"]
[EventDate "2019.??.??"]
[EventCountry "LTU"]
[SourceTitle "playchess.com"]
[Source "ChessBase"]
[SourceQuality "1"]
[TimeControl "5400+30"]

1. d4 Nf6 2. c4 g6 3. g3 Bg7 4. Bg2 O-O 5. Nc3 d6 6. Nf3 a6 7. O-O Nbd7 8. e4 c5 9. h3 cxd4 10. Nxd4 Nc5 11. Be3 Bd7 12. Qe2 Rc8 13. Rac1 Ne6 14. Nb3 Bc6 15. Rfd1 Nd7 16. Nd5 Ba4 17. Re1 Ndc5 18. Nxc5 dxc5 19. b3 Bc6 20. f4 Nd4 21. Qf2 e6 22. Nc3 e5 23. f5 f6 24. g4 g5 25. h4 h6 26. Nd5 Rf7 27. Qb2 Bf8 28. hxg5 hxg5 29. Kf2 Bxd5 30. exd5 Bd6 31. Be4 Rh7 32. Rh1 Rcc7 33. Kg2 Rcg7 34. Rxh7 Rxh7 35. Rh1 Qc7 36. Rxh7 Qxh7 37. Bf2 Kf8 38. Qd2 b6 39. a4 a5 1/2-1/2

[Event "LTU-ch Men 2019"]
[Site "Vilnius"]
[Date "2019.03.16"]
[Round "3.4"]
[White "Vardanyan, Aras"]
[Black "Mickevicius, Juras"]
[Result "1/2-1/2"]
[ECO "E16"]
[WhiteElo "1916"]
[BlackElo "2273"]
[Annotator "NA"]
[PlyCount "27"]
[EventDate "2019.??.??"]
[EventCountry "LTU"]
[SourceTitle "playchess.com"]
[Source "ChessBase"]
[SourceQuality "1"]
[TimeControl "5400+30"]

1. d4 Nf6 2. c4 e6 3. Nf3 b6 4. g3 Bb7 5. Bg2 Bb4+ 6. Nbd2 O-O 7. O-O d5 8. Qc2 Nbd7 9. a3 Be7 10. cxd5 exd5 11. Ne5 c5 12. Ndf3 Ne4 $11 13. Rd1 Ndf6 14. Ng5 1/2-1/2

[Event "LTU-ch Men 2019"]
[Site "Vilnius"]
[Date "2019.03.16"]
[Round "3.5"]
[White "Steponavicius, Stasys"]
[Black "Narmontas, Raimondas"]
[Result "1-0"]
[ECO "A43"]
[WhiteElo "2194"]
[BlackElo "2019"]
[Annotator "NA"]
[PlyCount "41"]
[EventDate "2019.??.??"]
[EventCountry "LTU"]
[SourceTitle "playchess.com"]
[Source "ChessBase"]
[SourceQuality "1"]
[TimeControl "5400+30"]

1. d4 g6 2. c4 Bg7 3. Nc3 c5 4. d5 Bxc3+ 5. bxc3 f5 6. e4 fxe4 7. f3 Nf6 8. fxe4 Qa5 9. Qc2 Nxe4 {[%emt 0:07:30] [#]} 10. Bd3 $1 Nd6 11. Bf4 Nf7 $18 12. Nf3 d6 13. O-O Nd7 14. Rae1 Qc7 15. Ng5 Nde5 16. Nxf7 Nxf7 17. Bxg6 hxg6 18. Qxg6 Kd8 19. Qxf7 b5 20. Bg5 Re8 21. Bxe7+ 1-0

[Event "LTU-ch Men 2019"]
[Site "Vilnius"]
[Date "2019.03.16"]
[Round "3.6"]
[White "Kalvaitis, Sigitas"]
[Black "Bagvilas, Lukas"]
[Result "1/2-1/2"]
[ECO "B01"]
[WhiteElo "2143"]
[BlackElo "1973"]
[Annotator "NA"]
[PlyCount "89"]
[EventDate "2019.??.??"]
[EventCountry "LTU"]
[SourceTitle "playchess.com"]
[Source "ChessBase"]
[SourceQuality "1"]
[TimeControl "5400+30"]

1. e4 d5 2. exd5 Qxd5 3. Nc3 Qd8 4. d4 Nf6 5. Nf3 Bf5 6. Bd3 Bxd3 7. Qxd3 c6 8. O-O e6 9. Re1 Be7 10. Bg5 O-O 11. Rad1 Na6 12. a3 h6 13. Bh4 Nd5 14. Bg3 Nxc3 15. Qxc3 Bd6 16. Ne5 Re8 $14 17. Qf3 f6 18. Qg4 Bc7 19. Ng6 Qd5 20. Bxc7 Nxc7 21. Qg3 Rac8 22. h4 Qf5 23. Rd3 Kh7 24. Nf4 Nd5 25. Nxd5 cxd5 26. c3 Rc6 27. Qf3 Qxf3 28. Rxf3 Rb6 29. Re2 e5 30. dxe5 Rxe5 31. Rd2 Kg6 32. Rfd3 Kf7 33. g3 g5 34. hxg5 hxg5 35. Kg2 g4 36. Rd4 Rg5 37. Ra4 a6 38. Ra5 Ke6 39. Rc5 Rc6 40. Rxc6+ bxc6 41. Rd4 Rg7 42. Ra4 Rb7 43. Rxa6 Rxb2 44. Rxc6+ Ke5 45. Rc8 1/2-1/2

[Event "LTU-ch Men 2019"]
[Site "Vilnius"]
[Date "2019.03.16"]
[Round "3.7"]
[White "Voronov, Vadim"]
[Black "Baginskaite, Camilla"]
[Result "0-1"]
[ECO "B21"]
[WhiteElo "1784"]
[BlackElo "2136"]
[Annotator "NA"]
[PlyCount "104"]
[EventDate "2019.??.??"]
[EventCountry "LTU"]
[SourceTitle "playchess.com"]
[Source "ChessBase"]
[SourceQuality "1"]
[TimeControl "5400+30"]

1. e4 c5 2. d4 cxd4 3. c3 dxc3 4. Nxc3 Nc6 5. Nf3 d6 6. Bc4 a6 7. O-O Nf6 8. Bf4 {[%emt 0:00:36] B21: Sicilian: 2 f4 and Morra Gambit} (8. h3 e6 9. Qe2 b5 10. Bb3 Bb7 11. Rd1 Qb8 12. Bf4 Nd7 13. Rd2 Be7 14. Bxd6 Bxd6 15. Rad1 Bf4 16. Rxd7 {0-1 (49) Mosadeghpour,M (2475)-Grigoryan,K (2602) Mashhad 2016}) 8... e6 9. Qe2 Nh5 10. Be3 Be7 11. Rfd1 Bd7 12. Rac1 O-O 13. Nd4 $146 ({Predecessor:} 13. a3 Rc8 14. b4 Nf6 15. h3 Ne5 {0-1 (29) Theveniaud,C-Soldano,G (2217) ICCF email 2013}) 13... Nxd4 14. Rxd4 Nf6 15. Rd2 b5 16. Bd3 b4 17. Nd1 Qa5 18. b3 Rac8 19. Rdc2 Rxc2 20. Rxc2 Rc8 21. f3 h6 22. Bd4 Bd8 23. Rxc8 Bxc8 24. Bf2 Bb6 25. Ne3 Nd7 26. Kh1 Qe5 27. g3 d5 28. Bxa6 Bxa6 29. Qxa6 dxe4 30. f4 Qd4 31. Qc8+ Kh7 32. Qc1 Qd3 33. Kg2 Nf6 34. Qc2 Qd7 35. Nc4 Bxf2 36. Qxf2 Qd5 37. h3 Nd7 $17 (37... e3+ $19 {is more deadly.} 38. Qf3 e2 39. Qxd5 exd5) 38. Ne3 Qd3 39. f5 Ne5 40. fxe6 fxe6 41. h4 Nf3 42. Nc4 h5 43. Ne3 Kg6 44. Kh3 Qb1 45. Kg2 Ne1+ 46. Kh3 Nd3 47. Qg2 Ne5 48. Qe2 Qh1+ 49. Qh2 Qxh2+ 50. Kxh2 Ng4+ 51. Nxg4 hxg4 52. Kg2 e3 0-1

[Event "LTU-ch Men 2019"]
[Site "Vilnius"]
[Date "2019.03.16"]
[Round "3.8"]
[White "Eigminas, Kipras"]
[Black "Zickus, Simonas"]
[Result "1/2-1/2"]
[ECO "B34"]
[WhiteElo "2034"]
[BlackElo "2330"]
[Annotator "NA"]
[PlyCount "114"]
[EventDate "2019.??.??"]
[EventCountry "LTU"]
[SourceTitle "playchess.com"]
[Source "ChessBase"]
[SourceQuality "1"]
[TimeControl "5400+30"]

1. e4 c5 2. Nf3 Nc6 3. d4 cxd4 4. Nxd4 Nf6 5. Nc3 e5 6. Ndb5 d6 7. Nd5 Nxd5 8. exd5 Nb8 9. c4 a6 10. Nc3 Be7 11. Be3 O-O {[%emt 0:01:26] B33: Sicilian: Pelikan and Sveshnikov Variations} 12. Be2 Bg5 13. O-O (13. Qd2 Bxe3 14. Qxe3 Nd7 15. O-O f5 16. f4 exf4 17. Qe6+ Kh8 18. Qxd6 g5 19. Rae1 Rf6 20. Qa3 Ne5 21. c5 Bd7 22. Qb4 Rh6 23. Bd1 {0-1 (57) Dzhumaev,M (2505)-Khamrakulov,D (2436) Tashkent 2015}) 13... Bxe3 14. fxe3 f5 15. Kh1 Rf6 $146 ({Predecessor:} 15... Nd7 16. e4 f4 17. b4 b6 18. Na4 {0-1 (29) Poulos,G (2068)-Kamenets,A (2247) Heraklio 2009}) 16. e4 (16. g4 $11) 16... f4 17. Bg4 Rh6 18. Bxc8 $1 Qxc8 19. Qd3 (19. Na4 $11 {remains equal.} Nd7 20. Rc1) 19... Nd7 20. Na4 Qe8 21. Rf3 Rb8 22. Rh3 Rg6 ({Better is} 22... Rxh3 $17 23. Qxh3 b5 24. cxb5 axb5) 23. b4 Nf6 24. Nb2 Ng4 25. Nd1 Rc8 26. Rc1 Qe7 27. Rh5 b5 28. Rc2 bxc4 29. Rxc4 Rf8 30. Qh3 Qa7 31. Qh4 Qd7 32. Rf5 $2 (32. Rxh7 Nh6 33. Rxh6 Rxh6 34. Qe1) 32... Re8 33. Qe1 Qa4 34. Kg1 Qxa2 35. Qf1 Rh6 36. Rc7 Nxh2 37. Qf2 Qb1 38. Qe2 Qxb4 39. Rff7 g5 40. Nf2 Qb1+ $19 41. Qd1 Qxd1+ 42. Nxd1 g4 43. Nf2 Kh8 44. Rg7 g3 45. Nd3 Rb8 46. Rgd7 a5 47. Rc3 Ng4 48. Rc1 Ne3 49. Ra7 Rh2 50. Ne1 Nxg2 51. Nf3 Rh6 52. Kxg2 Rb2+ 53. Kg1 Rg6 54. Rc8+ Rg8 55. Rcc7 Rb1+ 56. Kg2 Rb2+ 57. Kh3 Rg6 1/2-1/2

[Event "LTU-ch Men 2019"]
[Site "Vilnius"]
[Date "2019.03.16"]
[Round "3.9"]
[White "Brazdzionis, Andrius"]
[Black "Boyajyan, David"]
[Result "1-0"]
[ECO "A06"]
[WhiteElo "2311"]
[BlackElo "1868"]
[Annotator "ChessBase"]
[PlyCount "39"]
[EventDate "2019.??.??"]
[EventCountry "LTU"]
[SourceTitle "playchess.com"]
[Source "ChessBase"]
[SourceQuality "1"]
[TimeControl "5400+30"]

1. Nf3 d5 2. c4 e6 3. e3 Nf6 4. Nc3 a6 5. b3 Bd6 6. Bb2 Nbd7 7. Qc2 b6 8. cxd5 exd5 9. Nxd5 Bb7 10. Nxf6+ Nxf6 11. Be2 O-O 12. O-O Rc8 13. Ng5 g6 14. Qc3 Be7 15. Bg4 Rb8 16. Bf3 h6 17. Bxb7 Rxb7 18. Ne4 Kg7 19. Qc6 Ra7 20. a4 1-0

[Event "LTU-ch Men 2019"]
[Site "Vilnius"]
[Date "2019.03.17"]
[Round "4.3"]
[White "Bagvilas, Lukas"]
[Black "Brazdzionis, Andrius"]
[Result "0-1"]
[ECO "C11"]
[WhiteElo "1973"]
[BlackElo "2311"]
[Annotator "NA"]
[PlyCount "94"]
[EventDate "2019.??.??"]
[EventCountry "LTU"]
[SourceTitle "playchess.com"]
[Source "ChessBase"]
[SourceQuality "1"]
[TimeControl "5400+30"]

1. e4 Nf6 2. Nc3 d5 3. e5 Nfd7 4. d4 e6 5. f4 c5 6. dxc5 Nc6 7. a3 Bxc5 8. Qg4 O-O {[%emt 0:00:48] C11: French: Classical System: 4 e5 and 4 Bg5 dxe4} 9. Nf3 (9. Bd3 Qe7 10. Bd2 f6 11. Qh4 h6 12. exf6 Nxf6 13. O-O-O e5 14. fxe5 Nxe5 15. Nf3 Nxd3+ 16. cxd3 {1-0 (44) Short,N (2680)-Morozevich,A (2700) Reggio Emilia 2010 CBM 140 [Ftacnik,L]}) 9... f5 10. Qh3 Be7 11. Bd3 ({Better is} 11. Be3 $11) 11... Nc5 12. g4 $146 ({Predecessor:} 12. O-O $15 Nxd3 13. cxd3 Qb6+ 14. Kh1 a5 15. Rb1 Bd7 16. Bd2 {½-½ (48) Van Kemenade,R (2043)-Valgmae,T (2218) Caleta 2013}) 12... d4 13. Ne2 b6 (13... Qa5+ $17 14. Kf2 Nxd3+ 15. cxd3 fxg4 16. Qxg4 Qa4) 14. Rg1 (14. Bb5 $11 Bb7 15. Bxc6 Bxc6 16. Nexd4 Bxf3 17. Nxf3) 14... Nxd3+ 15. cxd3 Kh8 (15... Qd5 $17) 16. gxf5 exf5 17. Ng5 Bxg5 18. Rxg5 Be6 19. Rh5 (19. b4 $11) 19... Bg8 20. Rxf5 Qd5 21. Rg5 Na5 22. e6 $1 Qh1+ 23. Rg1 Qd5 24. Rg5 Qh1+ 25. Rg1 Qd5 {White must play} 26. Qg4 $16 g6 {[%emt 0:01:15] [#]} 27. f5 $1 Rxf5 28. Qxd4+ Qxd4 29. Nxd4 Re5+ (29... Bxe6 30. b4 (30. Nxe6 Nb3 $17) 30... Re5+ 31. Ne2) 30. Kd1 Kg7 31. Bd2 (31. b4 $18 Nb7 32. Bb2) 31... Re8 $2 (31... Rc8 $16 32. h4 Nb7) 32. Bc3 Kh6 33. b4 Nb7 34. Nf3 $2 ({White should play} 34. Rc1 $18) 34... Rd5 35. Ne5 Bxe6 36. Kc2 Nd6 37. Rae1 Rc8 38. Nxg6 Nb5 39. Nf4 Rxc3+ {[%emt 0:00:55] Double Attack} 40. Kb2 Rd6 $1 41. Nxe6 Rdxd3 42. Ng7 Rb3+ 43. Kc1 Rbc3+ 44. Kb2 Rb3+ 45. Kc1 Rdc3+ 46. Kd1 Rd3+ $11 ({Black should try} 46... Nd4 $19 47. Re5 Rb1+ 48. Kd2 Rc2+ 49. Kd3 Rxg1 50. Nf5+ Nxf5 51. Kxc2 Kg6) 47. Kc2 Nxa3+ 0-1

[Event "LTU-ch Men 2019"]
[Site "Vilnius"]
[Date "2019.03.17"]
[Round "4.4"]
[White "Chocenka, Dmitrijus"]
[Black "Stremavicius, Pijus"]
[Result "1-0"]
[ECO "B07"]
[WhiteElo "2287"]
[BlackElo "2079"]
[Annotator "ChessBase"]
[PlyCount "61"]
[EventDate "2019.??.??"]
[EventCountry "LTU"]
[SourceTitle "playchess.com"]
[Source "ChessBase"]
[SourceQuality "1"]
[TimeControl "5400+30"]

1. e4 d6 2. d4 Nf6 3. Nc3 g6 4. Be3 c6 5. h3 Bg7 6. Nf3 O-O 7. Bd3 b5 8. O-O Bb7 9. a3 a6 10. Re1 Nfd7 11. Qd2 c5 12. Bh6 cxd4 13. Bxg7 Kxg7 14. Nxd4 Nc6 15. Nxc6 Bxc6 16. Nd5 Bxd5 17. exd5 Nb6 18. Qc3+ f6 19. Qd4 Re8 20. h4 Rc8 21. b4 Qc7 22. h5 Qb7 23. hxg6 h6 24. Rad1 Nxd5 25. Bf5 Nc3 26. Bxc8 Qxc8 27. Rd3 Na4 28. Qd5 e6 29. Qxd6 Kxg6 30. Rg3+ Kf7 31. Qd3 1-0

[Event "LTU-ch Men 2019"]
[Site "Vilnius"]
[Date "2019.03.17"]
[Round "4.5"]
[White "Mickevicius, Juras"]
[Black "Butvilas, Aistis"]
[Result "1/2-1/2"]
[ECO "E04"]
[WhiteElo "2273"]
[BlackElo "1983"]
[Annotator "NA"]
[PlyCount "155"]
[EventDate "2019.??.??"]
[EventCountry "LTU"]
[SourceTitle "playchess.com"]
[Source "ChessBase"]
[SourceQuality "1"]
[TimeControl "5400+30"]

1. d4 Nf6 2. c4 e6 3. g3 d5 4. Nf3 dxc4 5. Bg2 Bd7 6. Ne5 Bc6 7. Nxc6 Nxc6 8. O-O Qd7 {[%emt 0:03:40] E04: Open Catalan: 5 Nf3} 9. e3 Rd8 10. Qa4 Nb4 $1 11. Qxd7+ Rxd7 12. Na3 c5 13. dxc5 Bxc5 14. Nxc4 O-O 15. Ne5 Rc7 16. a3 {[%emt 0:01:30] [#]} Nbd5 $146 17. Rd1 Bb6 18. Bd2 Rc2 19. Rab1 Rfc8 20. h3 h5 21. Nd3 R2c4 22. Rbc1 Rxc1 23. Rxc1 Rxc1+ 24. Bxc1 Kf8 25. Kf1 g6 26. Ke2 Ke8 27. Ne5 Bc7 28. Nc4 b5 29. Nd2 e5 30. Kd3 Kd7 31. b3 Ke6 32. Kc2 Bb6 33. Bf1 Nc7 34. Bb2 Nfd5 35. Be2 a6 36. Nf3 f6 37. Bd3 Kf7 38. Kd2 Ne6 39. g4 hxg4 40. hxg4 Nc5 41. Bc2 g5 42. b4 Ne6 43. Bb3 Ndc7 44. Kd3 Ke7 45. Ke4 a5 46. Bc3 a4 47. Ba2 Nd8 48. Nd2 Nb7 49. Kd3 Nd6 50. Bb2 Nce8 51. Bd5 Kd7 52. Nf1 Nc7 53. Ba2 Nce8 54. Ng3 Nc7 55. Nh5 Nde8 56. f4 exf4 57. exf4 Ke7 {[%emt 0:00:44] [#]} 58. fxg5 $18 fxg5 59. Bc1 Ne6 60. Bxe6 Kxe6 61. Bxg5 Nd6 62. Bc1 Nc4 63. Nf4+ Kd6 64. Ke4 Bd8 65. Nd5 Bh4 66. Ne3 Nxe3 67. Bxe3 Bf6 68. Bd4 Bg5 69. Kf5 Bc1 70. Kf6 Kd5 71. Be5 Kc4 72. g5 Bxg5+ 73. Kxg5 Kb3 74. Kf4 Kxa3 75. Ke3 Kxb4 76. Kd2 Kb3 77. Kc1 Ka2 78. Bd6 1/2-1/2

[Event "LTU-ch Men 2019"]
[Site "Vilnius"]
[Date "2019.03.17"]
[Round "4.6"]
[White "Jablokov, Dmitrij"]
[Black "Kalvaitis, Sigitas"]
[Result "0-1"]
[ECO "D73"]
[WhiteElo "1859"]
[BlackElo "2143"]
[Annotator "NA"]
[PlyCount "66"]
[EventDate "2019.??.??"]
[EventCountry "LTU"]
[SourceTitle "playchess.com"]
[Source "ChessBase"]
[SourceQuality "1"]
[TimeControl "5400+30"]

1. d4 Nf6 2. Nf3 g6 3. c4 Bg7 4. g3 d5 5. Bg2 dxc4 6. O-O O-O 7. Na3 c3 8. bxc3 c5 9. dxc5 {[%emt 0:03:49] D77: Fianchetto Grünfeld: 6 0-0: Replies other than 6...c6} (9. Re1 Nc6 10. Bb2 cxd4 11. cxd4 Ne4 12. Qc2 Nd6 13. Ne5 Be6 14. e3 Nb4 15. Qd2 a5 16. Bc3 Nd5 {½-½ (136) Howell,D (2697)-Naiditsch,A (2736) Germany 2019}) 9... Ne4 10. Qxd8 Rxd8 11. Bb2 $146 ({Predecessor:} 11. Nb5 a6 12. Nfd4 Nxc5 13. Nc7 Ra7 14. Nd5 e6 15. Ne7+ Kh8 16. Ba3 {1-0 (65) Negyesy,G-Kluger,G Budapest 1952}) 11... Nc6 12. Ne5 Nxc5 13. Nxc6 bxc6 14. Bxc6 Rb8 15. Bc1 {[%emt 0:00:25] [#]} Bh3 $1 16. Bg2 Bxg2 17. Kxg2 Ne4 ({But not} 17... Bxc3 $6 18. Rb1 $11) 18. Rb1 Nxc3 19. Rxb8 Rxb8 20. Be3 a6 21. Rc1 Rb2 22. Kf3 f5 ({Much weaker is} 22... Rxa2 $6 23. Nb1 $11) 23. Nc4 Rxa2 24. Bd2 Ne4 25. Bb4 Ra4 26. Rb1 (26. Be1 $17 {keeps fighting.}) 26... Kf7 27. Nb6 (27. Ke3 $17 {was worth a try.}) 27... Ra2 28. Rd1 Rb2 29. Ba5 Rb5 30. Rd5 Rb3+ 31. Kg2 (31. Rd3 $142 Rb5) 31... Ke6 32. Rd1 Rb5 33. Nc4 $19 Rc5 0-1

[Event "LTU-ch Men 2019"]
[Site "Vilnius"]
[Date "2019.03.17"]
[Round "4.7"]
[White "Juknis, Paulius"]
[Black "Vardanyan, Aras"]
[Result "1/2-1/2"]
[ECO "B51"]
[WhiteElo "2219"]
[BlackElo "1916"]
[Annotator "NA"]
[PlyCount "46"]
[EventDate "2019.??.??"]
[EventCountry "LTU"]
[SourceTitle "playchess.com"]
[Source "ChessBase"]
[SourceQuality "1"]
[TimeControl "5400+30"]

1. e4 c5 2. Nf3 d6 3. Bb5+ Nd7 4. c3 Ngf6 5. Qe2 Qc7 (5... a6 $5 6. Ba4 b5 $11 7. Bc2 Bb7 8. O-O e6 9. d4 Be7 10. Re1 O-O 11. Nbd2 Rc8 12. Nf1 Qc7 13. Bd3 cxd4 14. cxd4 e5 15. d5 Nh5 16. Ng3 Nf4 17. Bxf4 exf4 {1-0 (45) Quesada Perez,Y (2612)-Xiong,J (2675) Saint Louis 2018}) 6. O-O {[%emt 0:00:27] B51: Sicilian: Moscow Variation (3 Bb5+) without 3...Bd7} a6 7. Ba4 b5 8. Bc2 g6 $146 ({Predecessor:} 8... Bb7 9. d4 e5 10. a4 cxd4 11. cxd4 Be7 12. axb5 axb5 13. Na3 b4 14. Nb5 Qb8 {1-0 (35) Licznerski,L (2277)-Musialkiewicz,J (2244) Pokrzywna 2018}) 9. d4 e5 10. a4 b4 11. dxe5 dxe5 12. a5 Nb8 (12... Bg7 $16) 13. Nbd2 bxc3 14. bxc3 Bg7 15. Ba4+ Bd7 16. Bxd7+ Nfxd7 17. Nc4 O-O 18. Rd1 Nc6 19. Be3 Rfd8 ({Better is} 19... Na7) 20. Rd5 ({Better is} 20. h4) 20... Bf8 {[%emt 0:06:35] [#]} 21. Rad1 (21. Bg5 $1 $16) 21... Nf6 22. Rxd8 Rxd8 23. Rxd8 Qxd8 $14 1/2-1/2

[Event "LTU-ch Men 2019"]
[Site "Vilnius"]
[Date "2019.03.17"]
[Round "4.8"]
[White "Stauskas, Lukas"]
[Black "Ketlerius, Arijus"]
[Result "1/2-1/2"]
[ECO "A61"]
[WhiteElo "2357"]
[BlackElo "1841"]
[Annotator "NA"]
[PlyCount "66"]
[EventDate "2019.??.??"]
[EventCountry "LTU"]
[SourceTitle "playchess.com"]
[Source "ChessBase"]
[SourceQuality "1"]
[TimeControl "5400+30"]

1. d4 Nf6 2. c4 c5 3. d5 e6 4. Nc3 exd5 5. cxd5 d6 6. Nf3 g6 7. Bg5 Bg7 8. Nd2 h6 9. Bh4 g5 10. Bg3 Nh5 11. Nc4 {[%emt 0:01:27] A61: Modern Benoni: Nf3 without early e4} Nxg3 12. hxg3 a6 (12... O-O $11 {keeps the balance.}) 13. a4 O-O 14. e3 Qc7 (14... Qe7 $11) (14... b6 15. Bd3 f5 16. Qh5 Nd7 17. f4 {1-0 (94) Aleksandrov,A (2559)-Nagy,G (2446) Zalakaros 2017}) 15. a5 $146 ({Predecessor:} 15. Bd3 Nd7 16. Ne4 b5 17. axb5 axb5 18. Rxa8 bxc4 {½-½ (32) Grivas,E (2375)-Toshkov,T (2440) Athens 1984}) 15... Nd7 16. Ne4 b5 17. axb6 $1 Nxb6 18. Nexd6 Rd8 19. Nxc8 Raxc8 20. e4 ({Much worse is} 20. Rxa6 Nxd5 21. Qc1 Qb7 $11) ({White should play} 20. Qc2 $16) 20... Nxc4 21. Bxc4 Qe5 22. Qc2 ({Not} 22. Bxa6 $2 Qxe4+ {[%mdl 64] Double Attack} 23. Kf1 Rb8 $19) 22... Re8 23. O-O ({But not} 23. Rxa6 Qxe4+ 24. Kd1 Qxg2 $15) 23... Qxe4 24. Bd3 Qxd5 25. Rxa6 c4 26. Bh7+ Kh8 27. Bf5 Rb8 28. Rd1 Qe5 29. g4 Rxb2 30. Qxc4 Qe1+ 31. Rxe1 Rxe1+ $11 32. Qf1 Rxf1+ 33. Kxf1 Bd4 1/2-1/2

[Event "LTU-ch Men 2019"]
[Site "Vilnius"]
[Date "2019.03.17"]
[Round "4.9"]
[White "Zickus, Simonas"]
[Black "Mickus, Benas"]
[Result "1-0"]
[ECO "A06"]
[WhiteElo "2330"]
[BlackElo "1835"]
[Annotator "NA"]
[PlyCount "69"]
[EventDate "2019.??.??"]
[EventCountry "LTU"]
[SourceTitle "playchess.com"]
[Source "ChessBase"]
[SourceQuality "1"]
[TimeControl "5400+30"]

1. Nf3 d5 2. g3 Nf6 3. Bg2 e6 4. O-O c5 5. d4 cxd4 6. Nxd4 e5 7. Nb3 Be6 8. Nc3 Be7 {[%emt 0:13:00] LiveBook: 54 Games D02: 1 d4 d5 2 Nf3 sidelines, including 2...Nf6 3 g3 and 2...Nf6 3 Bf4} 9. Bg5 (9. f4 exf4 10. gxf4 g6 11. Kh1 Nc6 12. Be3 O-O 13. Nd4 Bg4 14. f5 Re8 15. h3 Bh5 16. Qe1 Nxd4 17. Bxd4 {1-0 (28) Edouard,R (2638)-Cornette,M (2593) Nimes 2018}) 9... Nbd7 10. e4 dxe4 11. Bxf6 Nxf6 12. Nxe4 Nxe4 13. Bxe4 Qc7 14. Qf3 Rb8 15. Rfd1 $146 ({Predecessor:} 15. c3 O-O 16. Rfe1 {½-½ (37) Borges,L (1655)-Aguero Centurio,A (2064) Caioba 2018}) 15... O-O 16. c3 b5 17. Bf5 Rb6 18. Bxe6 Rxe6 19. Rd5 a6 20. Rad1 Qc6 21. Qe3 f6 22. Qd3 Re8 23. Rd7 Bc5 (23... Bf8 $11) 24. Nxc5 Qxc5 25. Qe4 f5 26. Qxf5 Rf6 27. Qc2 e4 28. R1d2 (28. Rd8 $16 Qf8 29. Rxe8 Qxe8 30. Re1) 28... e3 29. Rd8 exf2+ 30. Kf1 Rxd8 (30... Rff8 $11 31. Rxe8 Rxe8) 31. Rxd8+ Kf7 (31... Rf8 $16 32. Rxf8+ Qxf8) 32. Qe4 g6 $2 (32... Qe7 $16 33. Qxe7+ Kxe7) 33. Qb7+ (33. Qe8+ $142 Kg7 34. Qh8+ Kh6 35. Qxf6 {[%mdl 64] Double Attack}) 33... Ke6 34. Qd7+ Ke5 35. Re8+ {[%emt 0:00:06] Kd5} 1-0

[Event "LTU-ch Men 2019"]
[Site "Vilnius"]
[Date "2019.03.17"]
[Round "4.10"]
[White "Macionis, Zigmas"]
[Black "Juksta, Karolis"]
[Result "0-1"]
[ECO "A40"]
[WhiteElo "1784"]
[BlackElo "2281"]
[Annotator "NA"]
[PlyCount "96"]
[EventDate "2019.??.??"]
[EventCountry "LTU"]
[SourceTitle "playchess.com"]
[Source "ChessBase"]
[SourceQuality "1"]
[TimeControl "5400+30"]

1. d4 e6 2. Nf3 f5 3. Bf4 Nf6 4. e3 Be7 5. Be2 {[%emt 0:02:03] A80: Dutch Defence: Unusual White second moves} (5. h3 O-O 6. c4 d6 7. Nc3 Qe8 8. Be2 Nc6 9. Bh2 Bd7 10. a3 Qg6 11. Nh4 Qh6 12. Nf3 Qg6 13. Rg1 Ne4 {1-0 (59) Sjugirov,S (2663)-Amin,B (2710) St Petersburg 2018}) 5... O-O 6. O-O Nh5 7. Bg3 Nxg3 8. hxg3 d6 9. c4 Bf6 $146 ({Predecessor:} 9... Nd7 10. Nc3 b6 11. Qb3 Nf6 12. Rfd1 Bb7 {0-1 (47) Sosnina,E (1559)-Khachatryan,A Batumi 2014}) 10. Qb3 Qe7 11. Nc3 Nd7 12. e4 c5 13. Rad1 g6 14. Rfe1 Qg7 15. exf5 cxd4 16. Nb5 Nc5 17. Qc2 a6 18. Nbxd4 (18. Nxd6 $16 exf5 19. b4) 18... e5 19. Ne6 $1 Bxe6 20. fxe6 e4 (20... Qe7 $142) 21. Nh2 Bd4 22. Rf1 Rae8 23. b4 Nxe6 24. Ng4 h5 25. Ne3 Bxe3 26. fxe3 Qe5 27. Rxf8+ Nxf8 28. Rf1 (28. c5 $11 dxc5 29. bxc5) 28... Qxg3 29. Qd2 Qg5 30. Bd1 h4 31. Qf2 Qe7 32. Bb3 Rd8 33. Qf4 Kg7 $1 34. Bc2 d5 35. cxd5 Rxd5 36. Bxe4 Rb5 37. Qf3 (37. a3 $11) 37... Nh7 38. Bb1 Rxb4 39. e4 (39. Bc2 $142) 39... Rb5 40. Qc3+ Qe5 41. Qh3 Qd4+ 42. Kh1 Nf6 43. Qe6 ({Wrong is} 43. e5 $2 Nh5 $19) 43... Qe5 44. Qh3 Nh5 45. Qd7+ Kh6 46. Rc1 Ng3+ 47. Kg1 $19 Ne2+ 48. Kf1 Nxc1 0-1